 Dungeon Crawl Stone Soup version 0.25.1-8-g42b30a86e7 (webtiles) character file.

Game seed: 9423264993211087603

9683 Clowwww the Cleaver (level 11, -3/95 HPs)
             Began as a Hill Orc Fighter on Dec 9, 2020.
             Was a Believer of Ashenzari.
             Slain by a lindwurm (8 damage)
             ... summoned by Kirke
             ... on level 12 of the Dungeon.
             The game lasted 00:32:32 (12806 turns).

Clowwww the Cleaver (Hill Orc Fighter)             Turns: 12806, Time: 00:32:33

Health: -3/95      AC:  0    Str: 23    XL:     11   Next: 50%
Magic:  11/11      EV: 16    Int:  8    God:    Ashenzari [**....]
Gold:   384        SH:  0    Dex: 10    Spells: 8/10 levels left

rFire    . . .     SeeInvis .   (weapon currently unavailable)
rCold    . . .     Gourm    .   (shield currently unavailable)
rNeg     . . .     Faith    .   (armour currently unavailable)
rPois    .         Spirit   .   (helmet currently unavailable)
rElec    .         Reflect  .   (cloak currently unavailable)
rCorr    .         Harm     .   (gloves currently unavailable)
MR       .....                  (boots currently unavailable)
Stlth    ++........             H - amulet of regeneration (curse)
HPRegen  0.65/turn              (ring currently unavailable)
MPRegen  0.12/turn              (ring currently unavailable)

@: pig-form, slowed
A: small
a: Curse Item, Scrying, Renounce Religion


You were on level 12 of the Dungeon.
You worshipped Ashenzari.
Ashenzari was pleased with you.
You were not hungry.
You were a filthy swine.
You visited 2 branches of the dungeon, and saw 13 of its levels.

You collected 604 gold pieces.
You spent 220 gold pieces at shops.

Inventory:

Hand Weapons
 t - the +2 great sword "Sogobopn" {vamp, rF+ Dex+6}
   (You found it on level 7 of the Dungeon)

   It inflicts no extra harm, but heals its wielder when it wounds a living foe.
   It affects your dexterity (+6).
   It protects you from fire.
 F - the cursed +8 mace of Zaraxt (melded) {elec, *Slow +Blink rN+ Int+3}
   (You found it on level 9 of the Dungeon)

   Occasionally, upon striking a foe, it will discharge some electrical energy
   and cause terrible harm.
   It affects your intelligence (+3).
   It protects you from negative energy.
   It lets you blink.
   It may slow you when you take damage.
   It has a curse placed upon it.
 L - the +12 Vampire's Tooth {vamp}
   (You found it on level 11 of the Dungeon)

   It inflicts no extra harm, but heals its wielder when it wounds a living foe.
Missiles
 q - 3 throwing nets
 z - 9 boomerangs (quivered)
Armour
 a - a +2 pair of gloves (melded)
 c - a cursed +0 kite shield (melded)
 l - a +0 pair of boots of stealth (melded)
 r - a +2 ring mail of cold resistance (melded)
 A - a +0 cloak (melded)
 K - the +1 chain mail of Boiling Hail {Str+4 Int+4}
   (You found it on level 12 of the Dungeon)

   It affects your strength (+4).
   It affects your intelligence (+4).
Jewellery
 b - an uncursed amulet of magic regeneration
 C - an uncursed ring of flight
 D - an uncursed amulet of the acrobat
 E - a cursed ring of poison resistance (melded)
 G - a cursed +6 ring of strength (melded)
 H - a cursed amulet of regeneration (around neck)
 J - an uncursed amulet of guardian spirit
Wands
 w - a wand of digging (20)
 x - a wand of flame (34)
Scrolls
 d - 3 scrolls of magic mapping
 g - 3 scrolls of remove curse
 i - a scroll of random uselessness
 n - 4 scrolls of blinking
 o - 2 scrolls of identify
 u - 2 scrolls of fog
 v - 4 scrolls of teleportation
 y - 2 scrolls of amnesia
 M - a scroll of acquirement {unknown}
Potions
 e - a potion of resistance
 h - 3 potions of heal wounds
 j - a potion of haste
 k - a potion of brilliance
 m - 4 potions of might
 p - 6 potions of curing
 s - 6 potions of flight
 B - a potion of invisibility
 I - a potion of magic {unknown}
Comestibles
 f - 22 rations


   Skills:
 + Level 8.7 Fighting
   Level 11.3(12.1) Axes
 + Level 6.0(10.3) Maces & Flails
 + Level 2.8 Throwing
 + Level 8.2 Armour
 + Level 4.9 Dodging
 + Level 2.5 Stealth
 + Level 9.1(10.5) Shields
 + Level 0.4 Spellcasting
 + Level 0.6(1.7) Translocations
 + Level 0.5(1.5) Evocations


You had 8 spell levels left.
You knew the following spells:

 Your Spells              Type           Power        Failure   Level  Hunger
a - Blink                 Tloc           N/A          30%         2    ###....

Your spell library contained the following spells:

 Spells                   Type           Power        Failure   Level  Hunger
 Shroud of Golubria       Chrm/Tloc      #.....       38%         2    ###....
 Gell's Gravitas          Tloc           #.........   52%         3    ####...
 Lesser Beckoning         Tloc           #.........   52%         3    ####...
 Teleport Other           Tloc           #.......     52%         3    ####...
 Passage of Golubria      Tloc           N/A          90%         4    #####..


Dungeon Overview and Level Annotations

Branches:
Dungeon (12/15)            Temple (1/1) D:6            Lair (0/6) D:8
    Orc (0/2) D:10

Altars:
Ashenzari
Cheibriados
Dithmenos
Elyvilon
Fedhas
Gozag
Hepliaklqana
Kikubaaqudgha
Makhleb
Nemelex Xobeh
Okawaru
Qazlal
Ru
Sif Muna
Trog
Uskayaw
Vehumet
Wu Jian
Xom
Yredelemnul
Zin
The Shining One

Shops:
D:7 !   D:8 (

Annotations:
D:12 Kirke


Message History

You hear some strange, mumbled words.
Something tries to affect you, but you resist.
The lindwurm barely misses you. The lindwurm closely misses you.
The lindwurm claws you. The lindwurm closely misses you.
The lindwurm claws you. x2; Something closely misses you.
You miss something.
You hear some strange, mumbled words.
Nothing appears to happen.
The lindwurm barely misses you. The lindwurm claws you.
The lindwurm closely misses you.
You bite something! Something hits you! The lindwurm misses you. x3
You completely miss something. Something completely misses you.
The lindwurm completely misses you. The lindwurm claws you!
The lindwurm claws you.
* * * LOW HITPOINT WARNING * * *
You hit something. Something hits you!
* * * LOW HITPOINT WARNING * * *
The lindwurm misses you. The lindwurm claws you!
* * * LOW HITPOINT WARNING * * *
The lindwurm claws you!
You die...

*, # ### .,$.# * ,
*#.#.# , * ##.#.# #### ,
* , ..[..., ..# * *, ,
##.#.####.# ,, * *
..........###########.##
* * ,
##.#.###.......kh{hhhe..
, ,#.# ##.##########hS..
, ∩ , # #.# #.# * * # ,
, ##∆#.# #.# * , ** .,
#.# #.# , ,,,, # #.# #.#
,* * , ** ## #.# #.# * *
.###.####.# * *
..........# ,


You could see a lindwurm (summoned), a deep elf mage, 4 hogs and an adder.

Vanquished Creatures
  Erica (D:11)
  Sonja (D:11)
  A manticore (D:11)
  A komodo dragon (D:11)
  A tyrant leech (D:11)
  2 hippogriffs
  3 vampires
  A shadow (D:11)
  Sigmund (D:3)
  4 hogs (D:8)
  A human (D:8)
  3 hungry ghosts
  2 wraiths (D:12)
  5 vampire mosquitoes (D:11)
  3 wargs
  2 orc warriors
  5 sky beasts
  2 ice beasts
  3 black bears
  2 ogres
  An eye of draining (D:11)
  2 centaurs
  4 bullfrogs
  6 scorpions
  6 killer bees (D:10)
  5 wights (D:10)
  4 howler monkeys
  4 crimson imps
  A centaur zombie (D:9)
  2 jellies
  9 orc priests
  A centaur skeleton (D:9)
  3 hounds
  4 bullfrog skeletons
  A gnoll shaman (D:6)
  4 iguanas
  2 worker ants
  7 orc wizards
  A howler monkey skeleton (D:9)
  17 gnolls
  6 adders
  2 shadow imps
  2 oozes (D:1)
  An adder skeleton (D:6)
  6 worms
  3 dart slugs
  5 leopard geckos
  54 orcs
  7 bats
  3 giant cockroaches
  2 gnoll zombies (D:8)
  8 goblins
  10 hobgoblins
  12 jackals
  6 quokkas
  4 frilled lizards
  7 kobolds
  A leopard gecko skeleton (D:7)
  7 rats
274 creatures vanquished.

Notes
Turn   | Place    | Note
-------+----------+-------------------------------------------
     0 | D:1      | Clowwww the Hill Orc Fighter began the quest for the Orb.
     0 | D:1      | Reached XP level 1. HP: 19/19 MP: 1/1
     3 | D:1      | Found a runed translucent door.
    40 | D:1      | Reached XP level 2. HP: 23/27 MP: 2/2
   214 | D:1      | Reached skill level 3 in Axes
   438 | D:1      | Reached XP level 3. HP: 33/33 MP: 3/3
   799 | D:1      | Reached XP level 4. HP: 29/40 MP: 4/4
  1148 | D:2      | Reached skill level 4 in Axes
  1718 | D:3      | Reached XP level 5. HP: 21/47 MP: 5/5
  1912 | D:3      | Noticed Sigmund
  1923 | D:3      | Killed Sigmund
  1923 | D:3      | Reached skill level 5 in Axes
  1923 | D:3      | Reached skill level 1 in Dodging
  1923 | D:3      | Reached XP level 6. HP: 37/53 MP: 6/6
  2881 | D:4      | Reached skill level 6 in Axes
  3419 | D:4      | Reached XP level 7. HP: 54/60 MP: 7/7
  3848 | D:5      | Entered Level 5 of the Dungeon
  3849 | D:5      | Found an opulent altar of Gozag.
  3927 | D:5      | Found an ornate altar of the Wu Jian Council.
  3978 | D:5      | Reached skill level 5 in Fighting
  3978 | D:5      | Reached skill level 7 in Axes
  4210 | D:5      | Reached skill level 5 in Armour
  4585 | D:5      | Reached skill level 5 in Shields
  4891 | D:5      | Reached XP level 8. HP: 49/69 MP: 8/8
  4994 | D:5      | Found a snail-covered altar of Cheibriados.
  5054 | D:5      | Found a shadowy altar of Dithmenos.
  5297 | D:6      | Reached skill level 8 in Axes
  5433 | D:6      | Reached skill level 1 in Stealth
  5700 | D:6      | Found a staircase to the Ecumenical Temple.
  5717 | Temple   | Entered the Ecumenical Temple
  5774 | Temple   | Became a worshipper of Ashenzari the Shackled
  6609 | D:7      | Identified the +2 great sword "Sogobopn" {vamp, rF+ Dex+6}
  6691 | D:7      | Paralysed by fainting for 12 turns
  6705 | D:7      | Reached skill level 9 in Axes
  6705 | D:7      | Reached XP level 9. HP: 66/77 MP: 9/9
  7407 | D:7      | Found Coamuluh's Distillery.
  7411 | D:7      | Bought a potion of curing for 30 gold pieces
  7411 | D:7      | Bought a potion of invisibility for 80 gold pieces
  7411 | D:7      | Bought a potion of curing for 30 gold pieces
  7411 | D:7      | Bought a potion of curing for 30 gold pieces
  7411 | D:7      | Bought a potion of heal wounds for 50 gold pieces
  8072 | D:8      | Found a staircase to the Lair.
  8277 | D:8      | Found Rebuegh's Weapon Boutique.
  8310 | D:8      | Reached * piety under Ashenzari
  8326 | D:8      | Reached skill level 1 in Throwing
  8724 | D:8      | Reached skill level 10 in Axes
  8997 | D:8      | Found a basalt altar of Yredelemnul.
  9048 | D:8      | Reached XP level 10. HP: 16/86 MP: 10/10
  9050 | D:8      | HP: 4/86 [hog (7)]
  9054 | D:8      | HP: 1/86 [hog (4)]
  9413 | D:8      | Found a glowing golden altar of the Shining One.
  9613 | D:9      | Found a hide-covered altar of Uskayaw.
  9613 | D:9      | Found a shimmering blue altar of Sif Muna.
  9614 | D:9      | Found a shimmering altar of Xom.
  9614 | D:9      | Found an iron altar of Okawaru.
  9624 | D:9      | Reached skill level 11 in Axes
  9951 | D:9      | Found a burning altar of Makhleb.
  9951 | D:9      | Identified the +5 long sword of Zeatimergh {vamp, rF+
                  | Str+4}
 10176 | D:9      | Identified the +8 mace of Zaraxt {elec, *Slow +Blink rN+
                  | Int+3}
 10435 | D:10     | Entered Level 10 of the Dungeon
 10481 | D:10     | Found a shattered altar of Ashenzari.
 10742 | D:10     | Reached skill level 1 in Maces & Flails
 10919 | D:10     | Found a staircase to the Orcish Mines.
 10994 | D:10     | Reached ** piety under Ashenzari
 11263 | D:10     | Learned a level 2 spell: Blink
 11876 | D:11     | Reached XP level 11. HP: 94/94 MP: 11/11
 11923 | D:11     | Noticed Sonja
 11933 | D:11     | Noticed a manticore
 11947 | D:11     | Killed a manticore
 11947 | D:11     | Reached skill level 5 in Maces & Flails
 11961 | D:11     | Killed Sonja
 12114 | D:11     | Noticed Erica
 12119 | D:11     | Killed Erica
 12301 | D:11     | Found the +12 Vampire's Tooth {vamp}
 12773 | D:12     | Got the uncursed chain mail of Boiling Hail {Str+4 Int+4}
 12787 | D:12     | Noticed Kirke
 12799 | D:12     | Noticed a lindwurm
 12801 | D:12     | Noticed a deep elf mage
 12806 | D:12     | Slain by a lindwurm

Illustrated notes

Levels and vault maps discovered:
D:1:      dpeg_arrival_caged_fury, layout_basic
D:2:      layout_loops_ring
D:3:      layout_loops_corners, dk_vineyard_1, uniq_sigmund
D:4:      layout_layer_cave, due_unseen_surprise
D:5:      layout_basic, overflow_temple_1_default, lemuel_crystal_altar,
          first_ration, basic_altar, nicolae_dithmenos_through_a_glass_darkly
D:6:      layout_cave_pools, minmay_temple_entry_large_hall,
          serial_park_tiny_pond
D:7:      layout_basic, serial_shops, shop
D:8:      layout_loops_cross, old_standard_altar,
          lemuel_zombie_altar_yredelemnul, erik_lair_orcish_takeover,
          serial_shops, shop, grunt_livestock
D:9:      layout_basic, grunt_temple_overflow_open
D:10:     layout_long_grid, hiddenorc2_lemuel, evilmike_ruin_ashenzari
D:11:     layout_loops_ring, minmay_guarded_unrand_vampires_tooth, uniq_sonja,
          uniq_erica
D:12:     layout_loops_ring, gauntlet_entry_generic, serial_bayou_pond_e,
          lightli_elemental_guards, uniq_fannar, uniq_josephine, uniq_kirke
Temple:   nicolae_temple_god_jail

Skill      XL: |  1  2  3  4  5  6  7  8  9 10 11 |
---------------+----------------------------------+-----
Axes           | 3 4 5 6 7 9 10 11 | 11.3
Fighting       | 4 5 6 7 8 |  8.7
Shields        | 4 5 6 8 9 |  9.1
Armour         | 4 5 6 7 8 |  8.2
Dodging        | 1 2 3 4 |  4.9
Stealth        | 1 2 |  2.5
Throwing       | 1 2 |  2.8
Maces & Flails | 4 6 |  6.0
Spellcasting   | |  0.4
Translocations | |  0.6
Evocations     | |  0.5

Action                   |  1- 3 |  4- 6 |  7- 9 | 10-12 || total
-------------------------+-------+-------+-------+-------++-------
Melee: War axe           |   102 |   164 |   367 |   106 ||   739
       Mace              |       |       |       |   281 ||   281
       Unarmed           |       |       |       |     6 ||     6
Throw: Boomerang         |       |       |    19 |    33 ||    52
Invok: Curse Item        |       |       |     2 |     4 ||     6
Evoke: Wand              |       |       |       |     5 ||     5
  Use: Potion            |       |     1 |     2 |     2 ||     5
       Scroll            |       |       |    10 |    10 ||    20
 Stab: Sleeping          |       |       |       |     6 ||     6
  Eat: Chunk             |       |     8 |    14 |    10 ||    32
       Ration            |       |       |     3 |     2 ||     5
Armor: Scale mail        |    51 |    49 |   121 |       ||   221
       Ring mail         |       |       |    24 |   148 ||   172
Dodge: Dodged            |    39 |    43 |   134 |   171 ||   387
Block: Kite shield       |    53 |    80 |   190 |   252 ||   575
